 Dungeon Crawl Stone Soup version 0.24.1 (webtiles) character file.

Game seed: 2941358965181576192, levelgen mode: deterministic

69 Stormleaks the Bolt Thrower (level 4, -2/27 HPs)
             Began as a Kobold Hunter on Apr 4, 2020.
             Slain by an adder (3 damage)
             ... on level 2 of the Dungeon.
             The game lasted 00:16:50 (2608 turns).

Stormleaks the Bolt Thrower (Kobold Hunter)         Turns: 2608, Time: 00:16:50

Health: -2/27      AC:  4    Str:  9    XL:     4   Next: 42%
Magic:  4/4        EV: 15    Int: 12    God:
Gold:   82         SH:  0    Dex: 16    Spells: 3/3 levels left

rFire    . . .     SeeInvis .   o - +1 short sword (holy)
rCold    . . .     Gourm    .   (shield restricted)
rNeg     . . .     Faith    .   c - +0 leather armour
rPois    .         Spirit   .   (no helmet)
rElec    .         Reflect  .   (no cloak)
rCorr    .         Harm     .   m - +0 pair of gloves (curse)
MR       .....                  (no boots)
Stlth    ++........             (no amulet)
HPRegen  0.09/turn              (no ring)
MPRegen  0.09/turn              (no ring)

@: lethally poisoned (-2 -> -3)
A: small, carnivore
a: no special abilities


You were on level 2 of the Dungeon.
You were not hungry.

You visited 1 branch of the dungeon, and saw 2 of its levels.

You collected 82 gold pieces.

Inventory:

Hand Weapons
 a - a +1 hand crossbow
 o - a +1 short sword of holy wrath (weapon)
Missiles
 d - 16 bolts
Armour
 c - a +0 leather armour (worn)
 m - a cursed +0 pair of gloves (worn)
Scrolls
 e - 2 scrolls of remove curse {unknown}
 h - a scroll of amnesia {unknown}
 j - 3 scrolls of identify {unknown}
 k - a scroll of enchant weapon {unknown}
 l - a scroll of blinking {unknown}
 n - a scroll of fog {unknown}
 p - a scroll of immolation {unknown}
Potions
 b - 2 potions of flight {unknown}
 g - a potion of heal wounds {unknown}
 i - a potion of brilliance {unknown}
 q - 2 potions of berserk rage {unknown}
Comestibles
 f - 6 rations


   Skills:
 + Level 2.4 Fighting
 + Level 2.0 Short Blades
 + Level 5.5 Crossbows
 + Level 1.0 Armour
 + Level 3.1 Dodging
 + Level 1.6 Stealth


You had 3 spell levels left.
You didn't know any spells.
Your spell library was empty.

Dungeon Overview and Level Annotations

Branches:
Dungeon (2/15)

Altars:
Hepliaklqana
Kikubaaqudgha


Innate Abilities, Weirdness & Mutations

You are small and have problems with some larger weapons.
You are carnivorous and can eat meat at any time.


Message History

You closely miss the adder.
The adder is lightly wounded.
You feel sick. The adder misses you. The adder barely misses you.
You barely miss the adder.
The adder is lightly wounded.
The adder closely misses you.
You feel sick. The adder barely misses you.
There is an ancient bone altar of Kikubaaqudgha here.
You feel sick. The adder bites you.
* * * LOW HITPOINT WARNING * * *
There is an open door here.
* * * LOW HITPOINT WARNING * * *
You feel sick. The adder misses you.
* * * LOW HITPOINT WARNING * * *
You feel sick. The adder bites you.
You die...

#.. ..# #.# #+# ..# ##.# #.# ..#
################# ##..###.###..#
................# #...'.._..'†)#
#######.##.####.# #.#.#######..#
........##.# #. #.#.# ### ..#
.#######.#.####.###.#.#######..#
## #........#@S..#..........#
##.#.####.######.#.#####.# #.#.#
#. #.........# #.#.# #.
#.######### ###[#.# #. #.#
#.....# #.######.## ####.....##
#.........#
#..........##########..#
##.###..................#


You could see an adder.

Vanquished Creatures
  2 adders (D:2)
  An ooze (D:1)
  2 dart slugs
  A leopard gecko (D:1)
  8 bats
  A giant cockroach (D:1)
  4 goblins
  4 hobgoblins
  4 jackals (D:2)
  A quokka (D:2)
  3 frilled lizards (D:1)
  7 kobolds
  A rat (D:2)
39 creatures vanquished.

Notes
Turn   | Place    | Note
-------+----------+-------------------------------------------
     0 | D:1      | Stormleaks the Kobold Hunter began the quest for the Orb.
     0 | D:1      | Reached XP level 1. HP: 12/12 MP: 1/1
   117 | D:1      | Reached skill level 5 in Crossbows
   304 | D:1      | Reached XP level 2. HP: 15/17 MP: 2/2
   358 | D:1      | Reached skill level 1 in Short Blades
  1002 | D:1      | Reached XP level 3. HP: 19/21 MP: 3/3
  1372 | D:2      | HP: 1/21 [bat (1)]
  1772 | D:2      | Reached XP level 4. HP: 27/27 MP: 4/4
  1926 | D:2      | Reached skill level 1 in Armour
  2394 | D:2      | Found a hazy altar of Hepliaklqana.
  2562 | D:2      | Found an ancient bone altar of Kikubaaqudgha.
  2605 | D:2      | HP: 1/27 [poisoned by an adder]
  2608 | D:2      | Slain by an adder

Levels and vault maps discovered:
D:1:      psy_arrival_heroes, layout_basic, item_on_display_a
D:2:      layout_loops_ring, nicolae_overflow_hidden_temple,
          lemuel_doored_altar, first_ration

Skill      XL: |  1  2  3  4 |
---------------+-------------+-----
Crossbows      | 5 |  5.5
Short Blades   | 1 2 |  2.0
Dodging        | 3 |  3.1
Armour         | 1 |  1.0
Fighting       | |  2.4
Stealth        | |  1.6

Action                   |  1- 3 |  4- 6 || total
-------------------------+-------+-------++-------
Melee: Short sword       |   125 |    85 ||   210
 Fire: Hand crossbow     |    13 |     5 ||    18
 Stab: Sleeping          |     1 |       ||     1
  Eat: Chunk             |     2 |     3 ||     5
       Ration            |       |     1 ||     1
Armor: Leather armour    |    78 |    26 ||   104
Dodge: Dodged            |   222 |    96 ||   318
